 Dungeon Crawl Stone Soup version 0.27.1-3-gb3d3a73c9e (webtiles) character file.

Game seed: 3122461634784932631

119 CuBeRJAN3 the Magician (level 4, -2/25 HPs)
             Began as a Deep Elf Fire Elementalist on Oct 6, 2021.
             Killed from afar by Natasha (9 damage)
             ... with a magic dart
             ... on level 3 of the Dungeon.
             The game lasted 00:11:30 (2749 turns).

CuBeRJAN3 the Magician (Deep Elf Fire Elementalist) Turns: 2749, Time: 00:11:30

Health: -2/25      AC:  2    Str:  5    XL:     4   Next: 73%
Magic:  9/12       EV: 13    Int: 21    God:
Gold:   136        SH:  0    Dex: 15    Spells: 0/11 levels left

rFire    + . .     SeeInvis .   h - +0 dagger
rCold    x . .     Faith    .   (no shield)
rNeg     . . .     Spirit   .   a - +0 robe
rPois    .         Reflect  .   (no helmet)
rElec    .         Harm     .   (no cloak)
rCorr    .         Rampage  .   (no gloves)
Will     .....                  (no boots)
Stlth    ++........             (no amulet)
HPRegen  0.08/turn              i - ring of fire
MPRegen  0.13/turn              (no ring)

@: no status effects
A: no striking features
a: no special abilities


You were on level 3 of the Dungeon.
You visited 1 branch of the dungeon, and saw 3 of its levels.

You collected 136 gold pieces.

Inventory:

Hand Weapons
 h - a +0 dagger (weapon)
Armour
 a - a +0 robe (worn)
Jewellery
 i - a ring of fire (left hand)
Scrolls
 b - a scroll of identify {unknown}
 d - a scroll of holy word {unknown}
 e - a scroll of torment {unknown}
 g - a scroll of fear {unknown}
Potions
 c - a potion of flight {unknown}
 f - a potion of heal wounds {unknown}


   Skills:
 * Level 1.0 Fighting
 - Level 3.0 Dodging
 + Level 3.0 Stealth
 * Level 4.3 Spellcasting
 + Level 2.0 Conjurations
 + Level 1.8 Hexes
 + Level 0.0 Translocations
 + Level 3.7 Fire Magic


You couldn't memorise any spells.
You knew the following spells:

 Your Spells              Type           Power      Damage    Failure   Level
a - Foxfire               Conj/Fire      96%        2x1d8     3%          1
b - Conjure Flame         Conj/Fire      24%        6-21      11%         3
c - Inner Flame           Hex/Fire       24%        N/A       11%         3
d - Sticky Flame          Conj/Fire      24%        2d5       34%         4

Your spell library contained the following spells:

 Spells                   Type           Power      Damage    Failure   Level
 Fireball                 Conj/Fire      12%        3d7       69%         5
 Summon Lightning Spire   Summ/Air       4%         N/A       75%         4
 Storm Form               Tmut/Air       2%         N/A       100%        7
 Maxwell's Capacitive Co  Air            2%         ∞         100%        8


Dungeon Overview and Level Annotations

Branches:
Dungeon (3/15)

Altars:

Shops:
D:2 [=

Annotations:
D:2 jewelry shop + armor shop!!!, exclusion: door, Crazy Yiuf, Sigmund
D:3 Natasha


Message History

You feel a surge of power!
You conjure some foxfire!
The foxfire hits the adder.
You kill the adder!
Your Conjurations skill increases to level 2!
You start resting.
Your foxfire dissipates!
You start resting.
Natasha is nearby!
Natasha hisses angrily.
Natasha wildly gestures.
You feel disoriented.
Casting: Foxfire (safe; 3% risk of failure)
Confirm with . or Enter, or press ? or * to list all spells.
Okay, then.
Natasha extends her claws.
Casting: Foxfire (safe; 3% risk of failure)
Press: ? - help, Q - select action Dir - look around, f - activate You feel a surge of power!
You conjure some foxfire!
Natasha closely misses you.
The foxfire hits Natasha but does no damage.
The foxfire hits Natasha.
Natasha is lightly wounded.
Natasha closely misses you.
Casting: Foxfire (safe; 3% risk of failure)
Press: ? - help, Q - select action Dir - look around, f - activate You feel a surge of power!
You conjure some foxfire!
Natasha claws you.
The foxfire hits Natasha.
Natasha is lightly wounded.
The foxfire hits Natasha.
Natasha is moderately wounded.
Natasha stares at you and mumbles some strange words.
The magic dart hits you. Natasha closely misses you.
Natasha casts a spell at you. The magic dart hits you!
* * * LOW HITPOINT WARNING * * *
Natasha casts a spell at you. The magic dart hits you!
You die...

. ..# ###.# ....####
###.##.####### #
#..........#
###......###.#######
....#...## #.......#
######.## #######.##
#.# #....@...# #.#
#.####...## #+#
#.....# # #.h...#
#.###.....# .
#........##
....####...###
....'<...>..# #
....####...##


You could see Natasha.

Vanquished Creatures
  Terence (D:3)
  Natasha (D:3)
  3 adders
  A worm (D:3)
  4 bats
  3 endoplasms (D:2)
  A giant cockroach (D:2)
  3 goblins
  3 hobgoblins
  4 kobolds
  5 quokkas
  3 ball pythons
  3 frilled lizards
  7 rats
42 creatures vanquished.

Vanquished Creatures (others)
  122 foxfires
122 creatures vanquished.

Grand Total: 164 creatures vanquished

Notes
Turn   | Place    | Note
-------+----------+-------------------------------------------
     0 | D:1      | CuBeRJAN3 the Deep Elf Fire Elementalist began the quest
                  | for the Orb.
     0 | D:1      | Reached XP level 1. HP: 10/10 MP: 6/6
   131 | D:1      | Reached XP level 2. HP: 15/15 MP: 5/8
   205 | D:1      | Found a faded altar of an unknown god.
   999 | D:2      | Reached skill level 1 in Hexes
  1189 | D:2      | Found Rana's Armour Emporium.
  1248 | D:2      | Found Xefiy's Jewellery Shop.
  1300 | D:2      | Reached XP level 3. HP: 20/20 MP: 6/10
  1304 | D:2      | Learned a level 3 spell: Conjure Flame
  1308 | D:2      | Learned a level 3 spell: Inner Flame
  1476 | D:2      | Noticed Sigmund
  1749 | D:2      | Found a runed translucent door.
  1750 | D:2      | Noticed Crazy Yiuf
  2075 | D:3      | Noticed Natasha
  2098 | D:3      | Killed Natasha
  2099 | D:3      | Reached skill level 4 in Spellcasting
  2182 | D:3      | Reached XP level 4. HP: 19/24 MP: 9/12
  2238 | D:3      | Learned a level 4 spell: Sticky Flame
  2496 | D:3      | Noticed Terence
  2507 | D:3      | Killed Terence
  2659 | D:3      | Reached skill level 1 in Fighting
  2683 | D:3      | Noticed Natasha
  2749 | D:3      | Killed from afar by Natasha

Illustrated notes

Levels and vault maps discovered:
D:1:      lemuel_arrival_behind_the_door_large, layout_basic,
          basic_ecumenical_altar, minmay_misc_feat_encased
D:2:      layout_loops_ring, serial_shops, shop, nicolae_diamond_shop,
          uniq_crazy_yiuf_cottage, uniq_sigmund
D:3:      layout_loops_corners, uniq_natasha, uniq_terence, uniq_ijyb,
          uniq_grinder

Skill      XL: |  1  2  3  4 |
---------------+-------------+-----
Hexes          | 1 |  1.8
Spellcasting   | 4 |  4.3
Dodging        | 3 |  3.0
Stealth        | 3 |  3.0
Fighting       | 1 |  1.0
Conjurations   | 2 |  2.0
Fire Magic     | |  3.7

Action                   |  1- 3 |  4- 6 || total
-------------------------+-------+-------++-------
Melee: Unarmed           |     2 |       ||     2
 Cast: Foxfire           |    60 |    16 ||    76
       Conjure Flame     |       |     2 ||     2
       Inner Flame       |       |     1 ||     1
 Stab: Sleeping          |     1 |       ||     1
Armor: Robe              |     3 |       ||     3
Dodge: Dodged            |    12 |     3 ||    15
